 Dungeon Crawl Stone Soup version 0.30-a0-1018-g25214051b3 (webtiles) character file.

Game seed: 15010845270186638537

5971 cheesebisquit the Cleaver (level 10, -1/91 HPs)
             Began as a Hill Orc Gladiator on Apr 7, 2023.
             Was an Initiate of Yredelemnul.
             Slain by Erica
             ... wielding a +1 scimitar of flaming
              (12 damage)
             ... on level 8 of the Dungeon.
             The game lasted 00:38:55 (9572 turns).

cheesebisquit the Cleaver (Hill Orc Gladiator)      Turns: 9572, Time: 00:38:55

Health: -1/91      AC: 18    Str: 22    XL:     10   Next: 84%
Magic:  19/19      EV:  8    Int:  8    God:    Yredelemnul [......]
Gold:   554        SH:  5    Dex: 12    Spells: 9/9 levels left

rFire   . . .      SeeInvis .    a - +2 war axe
rCold   . . .      Faith    .    (no shield)
rNeg    . . .      Spirit   .    I - +0 plate armour
rPois   +          Reflect  +    c - +0 helmet
rElec   .          Rampage  .    k - +0 cloak
rCorr   .                        z - +0 pair of gloves
Will    .....                    i - +0 pair of boots Stlth
                                 D - amulet of reflection
HPRegen 0.35/turn                j - ring of magical power
MPRegen 0.16/turn                s - ring of poison resistance

@: slowed, very slow
A: no striking features
a: Renounce Religion, Recall Undead Harvest


You were on level 8 of the Dungeon.
You worshipped Yredelemnul.
Yredelemnul was noncommittal.
You visited 2 branches of the dungeon, and saw 9 of its levels.

You collected 657 gold pieces.
You spent 103 gold pieces at shops.

Inventory:

Hand Weapons
 a - a +2 war axe (weapon)
 n - a +0 demon whip of venom
 u - the +2 spear of Ciosh {protect, rF+ rC+}
   (You found it on level 4 of the Dungeon)

   rF:        It protects you from fire.
   rC:        It protects you from cold.
Missiles
 r - 3 curare-tipped darts
 A - 5 boomerangs (quivered)
 C - 13 poisoned darts
Armour
 c - a +0 helmet (worn)
 i - a +0 pair of boots (worn)
 k - a +0 cloak (worn)
 z - a +0 pair of gloves (worn)
 I - a +0 plate armour (worn)
Jewellery
 j - a ring of magical power (left hand)
 s - a ring of poison resistance (right hand)
 y - a ring of flight
 D - an amulet of reflection (around neck)
 J - a ring of magical power
Wands
 e - a wand of paralysis (11)
 t - a wand of polymorph (5)
Scrolls
 o - a scroll of fear {unknown}
 p - 2 scrolls of fog {unknown}
 q - 4 scrolls of vulnerability
 v - a scroll of blinking {unknown}
 w - a scroll of magic mapping {unknown}
 B - 2 scrolls of amnesia {unknown}
 E - a scroll of teleportation {unknown}
 F - a scroll of enchant weapon
 G - a scroll of identify
Potions
 d - 3 potions of mutation
 f - a potion of brilliance
 g - a potion of lignification
 h - 8 potions of curing
 l - 2 potions of flight
 m - a potion of magic
 x - a potion of might
 H - a potion of cancellation {unknown}


   Skills:
 + Level 9.0 Fighting
 * Level 13.6 Axes
 - Level 1.7 Throwing
 + Level 7.7 Armour
 + Level 6.4 Dodging


You had 9 spell levels left.
You didn't know any spells.
Your spell library contained the following spells:

 Spells                   Type           Power      Damage    Failure   Level
 Beastly Appendage        Tmut           0%         N/A       100%        1
 Summon Small Mammal      Summ           0%         N/A       100%        1
 Blink                    Tloc           0%         N/A       100%        2
 Ensorcelled Hibernation  Hex/Ice        0%         N/A       100%        2
 Lesser Beckoning         Tloc           0%         N/A       100%        2
 Momentum Strike          Conj/Tloc      0%         3d8       100%        2
 Wereblood                Tmut           0%         N/A       100%        2
 Call Canine Familiar     Summ           0%         N/A       100%        3
 Dazzling Flash           Conj/Hex       0%         N/A       100%        3
 Spider Form              Tmut/Pois      0%         N/A       100%        3
 Summon Guardian Golem    Hex/Summ       0%         N/A       100%        3
 Volatile Blastmotes      Fire/Tloc      0%         2d10      100%        3
 Anguish                  Hex/Necr       0%         N/A       100%        4
 Cause Fear               Hex            0%         N/A       100%        4
 Iskenderun's Mystic Bla  Conj/Tloc      0%         2d3       100%        4
 Summon Lightning Spire   Summ/Air       0%         N/A       100%        4
 Starburst                Conj/Fire      0%         6d3       100%        6
 Enfeeble                 Hex            0%         N/A       100%        7
 Storm Form               Tmut/Air       0%         N/A       100%        7
 Maxwell's Capacitive Co  Air            0%         ∞         100%        8


Dungeon Overview and Level Annotations

Branches:
Dungeon (8/15)             Temple (1/1) D:7
   Lair: D:8-11

Altars:
Ashenzari
Cheibriados
Dithmenos
Elyvilon
Fedhas
Hepliaklqana
Kikubaaqudgha
Makhleb
Okawaru
Qazlal
Sif Muna
Vehumet
Yredelemnul
Zin
Beogh

Shops:
D:5 [([:

Annotations:
D:6 3 runed translucent doors, mandoloar's ghost, novice OpTm
D:7 1 runed translucent door, Newt's ghost, novice KoHu
D:8 Erica


Message History

The orc warrior shoots a bolt.
Throw: 5 boomerangs
Press: ? - help, Q - select action, (/) - cycle Shift-Dir - straight line, f/p - orc warrior
Aim: an orc warrior, wielding a +0 arbalest and wearing a +0 chain mail (ally target, 58% to hit)
You throw a boomerang.
The boomerang hits the orc warrior but does no damage.
Something hits you.
* * * LOW HITPOINT WARNING * * *
Something burns you.
* * * LOW HITPOINT WARNING * * *
The orc warrior shoots a bolt.
The bolt hits you!
* * * LOW HITPOINT WARNING * * *
Okay, then.
You swap places.
Something hits your orc zombie! Something burns your orc zombie.
Your orc zombie is destroyed!
The orc warrior shoots a bolt.
The bolt hits you but does no damage.
You feel yourself slow down.
You feel better. Something hits you.
* * * LOW HITPOINT WARNING * * *
Something burns you.
* * * LOW HITPOINT WARNING * * *
Something completely misses you.
The orc warrior hits you from afar with a +0 trident.
* * * LOW HITPOINT WARNING * * *
The orc hits you but does no damage. You block the orc's attack.
You hear some strange, mumbled words.
Something tries to affect you, but you resist.
Erica appears from thin air!
Reactivating autopickup.
Erica hits you with a +1 scimitar of flaming.
* * * LOW HITPOINT WARNING * * *
Erica burns you.
* * * LOW HITPOINT WARNING * * *
There is a stone staircase leading up here.
Erica hits you with a +1 scimitar of flaming!
You die...
Your body rises from the dead as a mindless zombie.

#.........#.......# #
#............######.# ####
+.............).)...# ...#
#.............####### ...#
#.............)....#
...##########.##.....####.#
o)o##...#####.#.........#.#######
...).......o..o..................
..###......o..#@@.........#......
.....##.##.o..o.........###......
####.##.##....o......#...<'......
#.##)##...........+..###......
#..#)##...........#### #......
##....+...........# #......
##..##...........# #......
#.###........<..# ##......
#...............# ##...>...


You could see Erica, an orc warrior and 4 orcs.

Vanquished Creatures
  A boulder beetle (D:6)
  Amaemon (D:8)
  An orange demon (D:8)
  Maggie (D:8)
  A troll (D:8)
  Sigmund (D:4)
  A shadow (D:8)
  4 yaks (D:8)
  Grum (D:8)
  2 water moccasins (D:7)
  Duvessa (D:4)
  5 orc warriors
  An ogre (D:4)
  2 wolves (D:8)
  2 centaurs
  2 phantoms
  A kobold brigand (D:4)
  3 bullfrogs
  4 wights (D:6)
  Dowan (D:4)
  A centaur zombie (D:7)
  A bullfrog zombie (D:7)
  2 hounds
  2 jellies
  A gnoll bouda (D:8)
  3 orc priests
  5 iguanas
  8 orc wizards
  Robin (D:4)
  5 gnolls (D:8)
  9 adders
  A white imp (D:7)
  2 ufetubi (D:6)
  2 worms
  3 dart slugs
  50 orcs
  9 ball pythons
  6 endoplasms
  5 giant cockroaches
  18 goblins
  10 hobgoblins
  4 jackals (D:1)
  6 kobolds
  2 quokkas
  4 bats (D:2)
  5 frilled lizards
  10 rats
211 creatures vanquished.

Vanquished Creatures (collateral kills)
  Prince Ribbit (D:8)
  An orc (D:8)
2 creatures vanquished.

Vanquished Creatures (others)
  A spectral orange demon (D:8)
  A troll zombie (D:8)
  2 wolf zombies (D:8)
  A centaur zombie (D:8)
  A gnoll zombie (D:8)
  7 orc zombies (D:8)
  7 plants (D:5)
20 creatures vanquished.

Grand Total: 233 creatures vanquished

Notes
Turn   | Place    | Note
-------+----------+-------------------------------------------
     0 | D:1      | cheesebisquit the Hill Orc Gladiator began the quest for
                  | the Orb.
     0 | D:1      | Reached XP level 1. HP: 18/18 MP: 1/1
   119 | D:1      | Reached XP level 2. HP: 25/25 MP: 2/2
   265 | D:1      | Reached skill level 1 in Armour
   398 | D:1      | Reached XP level 3. HP: 28/30 MP: 3/3
   993 | D:2      | Reached skill level 5 in Axes
  1083 | D:2      | Reached XP level 4. HP: 38/38 MP: 4/4
  1594 | D:2      | Found a faded altar of an unknown god.
  2366 | D:3      | Reached XP level 5. HP: 44/45 MP: 5/5
  2974 | D:4      | Noticed Robin
  3006 | D:4      | Noticed Duvessa
  3006 | D:4      | Noticed Dowan
  3272 | D:4      | Reached skill level 6 in Axes
  3278 | D:4      | Killed Robin
  3308 | D:4      | Identified the +2 spear of Ciosh {protect, rF+ rC+}
  3325 | D:4      | Noticed a kobold brigand
  3335 | D:4      | Killed a kobold brigand
  3336 | D:4      | Reached XP level 6. HP: 36/52 MP: 6/6
  4424 | D:5      | Entered Level 5 of the Dungeon
  4536 | D:4      | Killed Dowan
  4537 | D:4      | Reached skill level 7 in Axes
  4537 | D:4      | Reached XP level 7. HP: 52/60 MP: 7/7
  4541 | D:4      | Killed Duvessa
  4601 | D:4      | Noticed Sigmund
  4613 | D:4      | Killed Sigmund
  4614 | D:4      | Reached skill level 5 in Fighting
  4658 | D:5      | Found Egusasawn's Weapon Emporium.
  4733 | D:5      | Reached skill level 8 in Axes
  4892 | D:5      | Found Oral's Book Shoppe.
  4907 | D:5      | Reached XP level 8. HP: 68/68 MP: 8/8
  5143 | D:5      | Found Uddinuq's Armour Boutique.
  5146 | D:5      | Bought a +0 cloak for 49 gold pieces
  5438 | D:5      | Found Aze Juhiwn's Armour Emporium.
  5447 | D:5      | Bought a +0 pair of gloves for 54 gold pieces
  5581 | D:6      | Noticed mandoloar's ghost (novice OpTm)
  5597 | D:6      | Reached skill level 9 in Axes
  5732 | D:6      | Found a runed translucent gate.
  5732 | D:6      | Found a runed translucent gate.
  5846 | D:6      | Noticed a boulder beetle
  5864 | D:6      | Killed a boulder beetle
  5865 | D:6      | Reached skill level 10 in Axes
  5865 | D:6      | Reached skill level 5 in Armour
  5865 | D:6      | Reached XP level 9. HP: 34/78 MP: 9/9
  6013 | D:6      | Found a runed translucent gate.
  6125 | D:6      | Found a runed translucent door.
  6149 | D:6      | Reached skill level 5 in Dodging
  7057 | D:6      | Found a roughly hewn altar of Beogh.
  7154 | D:7      | Reached skill level 11 in Axes
  7519 | D:7      | Found a staircase to the Ecumenical Temple.
  8080 | D:7      | Found a runed translucent door.
  8080 | D:7      | Noticed Newt's ghost (novice KoHu)
  8227 | D:7      | Found a basalt altar of Yredelemnul.
  8236 | D:7      | Became a worshipper of Yredelemnul the Dark
  8630 | Temple   | Entered the Ecumenical Temple
  8943 | D:8      | Noticed Amaemon
  8943 | D:8      | Noticed an orange demon
  8943 | D:8      | Noticed Prince Ribbit
  9000 | D:8      | Killed Amaemon
  9001 | D:8      | Reached skill level 12 in Axes
  9001 | D:8      | Reached XP level 10. HP: 73/88 MP: 10/10
  9011 | D:8      | Killed an orange demon
  9011 | D:8      | Reached * piety under Yredelemnul
  9100 | D:8      | Killed Prince Ribbit
  9142 | D:8      | Reached skill level 13 in Axes
  9285 | D:8      | Noticed Grum
  9291 | D:8      | Noticed Maggie
  9314 | D:8      | Killed Maggie
  9315 | D:8      | Killed Grum
  9524 | D:8      | Noticed Erica
  9572 | D:8      | Slain by Erica

Illustrated notes

Levels and vault maps discovered:
D:1:      onia_arrival_pyramid, layout_loops_ring
D:2:      layout_basic, dreamdust_ecumenical_altar_hidden_monk_grotto,
          minivault_23, minmay_misc_feat_rugged
D:3:      layout_basic, minmay_cut_off
D:4:      layout_basic, uniq_duvessa, uniq_sigmund, uniq_robin
D:5:      layout_gridville, serial_shops, nicolae_shop_advertising_works
          [nicolae_subvault_shop_adworks], kennysheep_mini,
          nicolae_shop_crystal, nicolae_diamond_shop, serial_bayou_lagoon_a,
          minmay_misc_feat_roman, grunt_ministairs_15
D:6:      layout_basic, gammafunk_ghost_split, st_stairs_8,
          lightli_church_of_beogh
D:7:      layout_loops_cross, lemuel_zombie_altar_yredelemnul,
          minmay_temple_entry_purple_smoke, gammafunk_ghost_grave, st_stairs_2,
          minmay_misc_feat_x, grunt_ministairs_6
D:8:      layout_basic, pdpol_wu_jian_five_deadly_venoms, special_room
          [special_room_orc], uniq_prince_ribbit1, uniq_amaemon, uniq_grum,
          uniq_erica, uniq_maggie
Temple:   compressed_dpeg_triangle_lava_temple

Skill      XL: |  1  2  3  4  5  6  7  8  9 10 |
---------------+-------------------------------+-----
Armour         | 1 2 3 4 5 6 7 |  7.7
Fighting       | 3 4 5 6 8 9 |  9.0
Axes           | 5 6 7 8 10 12 13 | 13.6
Dodging        | 3 4 5 6 |  6.4
Throwing       | |  1.7

Action                     |  1- 3 |  4- 6 |  7- 9 | 10-12 || total
---------------------------+-------+-------+-------+-------++-------
  Melee: War axe           |   110 |   199 |   304 |    68 ||   681
         Punch             |     1 |     1 |     5 |     1 ||     8
  Throw: Throwing net      |     8 |       |       |       ||     8
         Javelin           |     1 |     2 |       |       ||     3
         Dart              |       |    30 |   112 |     3 ||   145
         Boomerang         |       |       |     5 |    14 ||    19
 Invoke: Recall Undead Har |       |       |     1 |       ||     1
    Use: Potion            |       |     3 |     2 |     6 ||    11
         Scroll            |       |     7 |     5 |     1 ||    13
   Stab: Invisible         |       |     3 |     7 |       ||    10
         Distracted        |       |       |       |     1 ||     1
 Armour: Leather armour    |    25 |       |       |       ||    25
         Ring mail         |    19 |   103 |     1 |       ||   123
         Chain mail        |       |       |   125 |       ||   125
         Plate armour      |       |       |    26 |    29 ||    55
  Dodge: Dodged            |    80 |   121 |   108 |    28 ||   337
  Block: Other             |       |       |    16 |    12 ||    28
         Reflection        |       |       |       |     1 ||     1

Table legend: (Time is in decaauts)
 A = Elapsed time spent in this place.
 B = Non-inter-level travel time spent in this place.
 C = Inter-level travel time spent in this place.
 D = Time resting spent in this place.
 E = Time spent auto-exploring this place.
 F = Levels seen in this place.
 G = Mean time per level.
                   A        B        C        D        E       F      G
               +--------+--------+--------+--------+--------+-----+--------+
         Total |   9583 |   8783 |    800 |    302 |   6743 |   9 | 1064.8 |
       Dungeon |   9297 |   8517 |    780 |    302 |   6487 |   8 | 1162.1 |
        Temple |    285 |    265 |     20 |      0 |    256 |   1 |  285.0 |
               +--------+--------+--------+--------+--------+-----+--------+

Top non-repeatable levels by time:
     D:6: 1641 daAuts
     D:3: 1454 daAuts
     D:4: 1308 daAuts
     D:7: 1210 daAuts
     D:2: 1151 daAuts
     D:5: 966 daAuts
     D:1: 810 daAuts
     D:8: 754 daAuts
  Temple: 285 daAuts
